 Dungeon Crawl Stone Soup version 0.16.2-12-gd0ad4c3 (webtiles) character file.

2225 Kloppie the Fighter (level 9, -4/62 HPs)
             Began as a Gargoyle Berserker on Oct 27, 2015.
             Was an Elder of Trog.
             Slain by a manticore (6 damage)
             ... on level 7 of the Dungeon.
             The game lasted 00:13:38 (7796 turns).

Kloppie the Fighter (Gargoyle Berserker)            Turns: 7796, Time: 00:13:39

Health: -4/62      AC: 16    Str: 24    XL:     9   Next: 35%
Magic:  9/9        EV: 11    Int:  7    God:    Trog [****..]
Gold:   408        SH:  0    Dex: 10    Spells: 0 memorised, 8 levels left

rFire  . . .     SeeInvis .     a - +1 mace
rCold  . . .     Clarity  .     d - +0 chain mail
rNeg   + . .     SustAb   .     (no shield)
rPois  ∞         Gourm    .     l - +0 helmet
rElec  +         Spirit   .     (no cloak)
rCorr  .         Warding  .     j - +0 pair of gloves
rMut   .         Stasis   .     (no boots)
MR     ++...                    (no amulet)
Stlth  ..........               v - +3 ring of slaying
                                i - +3 ring of evasion

@: manticore barbs, regenerating, very resistant to hostile enchantments,
extremely unstealthy
A: negative energy resistance 1, electricity resistance, unbreathing,
petrification resistance, rot immunity, AC +5
a: Burn Spellbooks, Berserk, Trog's Hand, Brothers in Arms, Renounce Religion


You were on level 7 of the Dungeon.
You worshipped Trog.
Trog was greatly pleased with you.
You were not hungry.

You visited 2 branches of the dungeon, and saw 8 of its levels.

You collected 408 gold pieces.

Inventory:

Hand weapons
 a - a +1 mace (weapon)
Armour
 d - a +0 chain mail (worn)
 j - a +0 pair of gloves (worn)
 l - a +0 helmet (worn)
 C - a +0 large shield
Jewellery
 g - a +3 ring of dexterity
 i - a +3 ring of evasion (left hand)
 m - an uncursed ring of invisibility
 v - a +3 ring of slaying (right hand)
 B - an uncursed ring of protection from magic
Magical devices
 n - a wand of cold (7)
 G - a wand of heal wounds (5)
Scrolls
 e - 6 scrolls of remove curse
 h - a scroll of fog
 y - 3 scrolls of magic mapping
 E - a scroll of identify
 F - a scroll of fear
Potions
 b - 7 potions of curing
 k - 3 potions of heal wounds
 o - 2 potions of haste
 q - 2 potions of flight
 s - 2 potions of magic
 t - 2 potions of agility {unknown}
 u - a potion of restore abilities {unknown}
 w - a potion of cancellation {unknown}
 z - a potion of beneficial mutation {unknown}
 A - a potion of ambrosia {unknown}
 D - a potion of brilliance {unknown}
Books
 H - a book of Alchemy

   Spells                             Type                      Level
   a - Sublimation of Blood           Necromancy                   2
   b - Alistair's Intoxication        Transmutation/Poison         4
   c - Condensation Shield            Ice                          4
   d - Petrify                        Transmutation/Earth          4
   e - Ignite Poison                  Fire/Transmutation           5
   f - Irradiate                      Conjuration/Transmutation    5
   Trog disapproves of the use of such an item.
Comestibles
 c - 6 bread rations
 f - 4 meat rations
 p - 5 beef jerkies
 r - 7 fruits
 x - a slice of pizza


   Skills:
 + Level 10.0 Fighting
 + Level 9.1 Maces & Flails
 - Level 2.1 Armour
 - Level 1.5 Dodging


You had 8 spell levels left.
You didn't know any spells.

Dungeon Overview and Level Annotations

Branches:
Dungeon (7/15)             Temple (1/1) D:5

Altars:
Ashenzari
Cheibriados
Dithmenos
Elyvilon
Fedhas
Gozag
Kikubaaqudgha
Makhleb
Nemelex Xobeh
Okawaru
Qazlal
Ru
Sif Muna
Trog
Vehumet
Xom
Yredelemnul
Zin
The Shining One


Innate Abilities, Weirdness & Mutations

You are resistant to torment.
You are immune to poison.
Your stone body is very resilient (AC +5).
You resist negative energy.
You are resistant to electric shocks.
You can survive without breathing.
You are immune to petrification.
You are immune to rotting.


Message History

The manticore claws you but does no damage.
The manticore claws you.
You hit the manticore.
The manticore is heavily wounded.
The manticore bites you! The manticore claws you.
The manticore closely misses you.
You hit the manticore but do no damage.
The manticore is heavily wounded.
The manticore closely misses you. The manticore claws you!
* * * LOW HITPOINT WARNING * * *
The manticore claws you.
* * * LOW HITPOINT WARNING * * *
You are too injured to fight recklessly!
Use which ability? (? or * to list)
Your skin crawls.
You feel resistant to hostile enchantments.
You feel slightly more hungry. The manticore bites you!
* * * LOW HITPOINT WARNING * * *
The manticore claws you.
You die...

#.#.# #.##.#
##.#.# ...#.#
#....######.#
#...........#
#...#########
##...........
#....#######
#...## #..@#
#..H# #...#
#...# #...#
#...# #####


You could see a manticore.

Vanquished Creatures
  Eustachio (D:6)
  A water moccasin (D:5)
  2 ice beasts (D:5)
  2 phantoms
  5 ogres
  2 centaurs (D:5)
  A big kobold (D:7)
  2 giant frogs
  A scorpion (D:6)
  An electric eel (D:7)
  A goliath beetle (D:6)
  A giant frog zombie (D:6)
  A crimson imp (D:5)
  2 orc wizards (D:5)
  A centaur skeleton (D:4)
  2 hounds
  2 jellies
  6 worker ants
  Ijyb (D:3)
  7 adders
  5 worms
  3 giant mites
  An adder skeleton (D:5)
  5 giant geckos
  2 oozes
  15 orcs
  A ball python (D:3)
  8 bats
  3 bat skeletons
  A bat zombie (D:6)
  5 giant cockroaches
  8 goblins
  11 hobgoblins
  27 jackals
  19 kobolds
  4 quokkas
  4 giant newts
  8 rats
172 creatures vanquished.

Notes
Turn   | Place    | Note
--------------------------------------------------------------
     0 | D:1      | Kloppie, the Gargoyle Berserker, began the quest for the Orb.
     0 | D:1      | Reached XP level 1. HP: 14/14 MP: 1/1
   408 | D:1      | Reached XP level 2. HP: 17/19 MP: 2/2
  1084 | D:2      | Reached skill level 4 in Fighting
  1084 | D:2      | Reached XP level 3. HP: 3/24 MP: 3/3
  1612 | D:2      | Acquired Trog's second power
  1842 | D:2      | Reached XP level 4. HP: 22/30 MP: 4/4
  2548 | D:3      | Noticed Ijyb
  2574 | D:3      | Killed Ijyb
  2574 | D:3      | Reached skill level 5 in Fighting
  2574 | D:3      | Reached XP level 5. HP: 33/35 MP: 5/5
  3544 | D:4      | Reached XP level 6. HP: 26/41 MP: 6/6
  3675 | D:4      | Found a bloodstained altar of Trog.
  3675 | D:4      | Found an opulent altar of Gozag.
  3676 | D:4      | Found a snail-covered altar of Cheibriados.
  3754 | D:4      | Reached skill level 5 in Maces & Flails
  3802 | D:4      | Noticed an ogre
  3836 | D:4      | Killed an ogre
  3836 | D:4      | Reached skill level 6 in Fighting
  4085 | D:4      | Found a shadowy altar of Dithmenos.
  4367 | D:4      | Noticed a phantom
  4370 | D:4      | Noticed an ogre
  4378 | D:4      | Killed an ogre
  4378 | D:4      | Reached XP level 7. HP: 45/47 MP: 7/7
  4429 | D:4      | Killed a phantom
  4429 | D:4      | Reached skill level 7 in Fighting
  5086 | D:4      | Found a burning altar of Makhleb.
  5211 | D:5      | Entered Level 5 of the Dungeon
  5370 | D:5      | Acquired Trog's third power
  5370 | D:5      | Reached XP level 8. HP: 53/53 MP: 8/8
  5735 | D:5      | Reached skill level 8 in Fighting
  6027 | D:5      | Found a staircase to the Ecumenical Temple.
  6036 | Temple   | Entered the Ecumenical Temple
  6764 | D:6      | Reached skill level 9 in Fighting
  7006 | D:6      | Noticed Eustachio
  7016 | D:6      | Killed Eustachio
  7016 | D:6      | Reached XP level 9. HP: 56/61 MP: 9/9
  7706 | D:7      | Reached skill level 10 in Fighting
  7785 | D:7      | Noticed a manticore
  7796 | D:7      | HP: 2/62 [manticore (8)]
  7796 | D:7      | Slain by a manticore

Action                   |  1- 3 |  4- 6 |  7- 9 || total
-------------------------+-------+-------+-------++-------
Melee: Mace              |   117 |   278 |   262 ||   657
Invok: Berserk           |     1 |     4 |     2 ||     7
       Trog's Hand       |       |     1 |     1 ||     2
  Use: Scroll            |       |       |    15 ||    15
  Eat: Chunk             |     4 |    12 |     9 ||    25
       Meat ration       |       |       |     1 ||     1
